Map: Triton LE

Players

PartinG - Winner!

  • Race: Protoss Protoss
  • Spawn Location: 5:00

Dark

  • Race: Zerg Zerg
  • Spawn Location: 11:00

Event: IEM Katowice 2020

VOD

Have the link to the VOD?

Description

Time

  • Played on: Feb. 27, 2020, 5:19 a.m.
  • Length: 12:24

All games in this series

Show
View Real Time Build Order
Export as new Build Order

PartinG Protoss - Winner!

Build Orders:  

Get SALT Encoding   

  12  0:00  Probe  
  13  0:12  Probe  
  14  0:18  Pylon  
  14  0:25  Probe (Chrono Boost)  
  15  0:37  Probe (Chrono Boost), Gateway  
  16  0:45  Probe (Chrono Boost)  
  16  0:46  Assimilator  
  17  0:51  Probe  
  18  1:03  Probe  
  19  1:15  Probe  
  20  1:25  Forge  
  20  1:29  Cybernetics Core  
  20  1:33  Pylon  
  20  1:35  Pylon  
  20  1:36  Pylon  
  20  1:58  Photon Cannon  
  20  2:03  Photon Cannon  
  20  2:10  Robotics Facility  
  20  2:19  Photon Cannon  
  20  2:21  Probe  
  21  2:31  Pylon  
  21  2:52  Photon Cannon  
  21  2:55  Immortal (Chrono Boost)  
  25  3:07  Shield Battery  
  25  3:13  Shield Battery  
  25  3:28  Warp Prism (Chrono Boost)  
  27  3:47  Pylon  
  27  3:54  Immortal (Chrono Boost)  
  31  4:11  Shield Battery  
  31  4:16  Shield Battery  
  31  4:20  Shield Battery x2  
  31  4:27  Immortal (Chrono Boost)  
  33  4:40  Probe  
  33  4:41  Stalker  
  36  5:01  Immortal (Chrono Boost)  
  40  5:28  Nexus  
  40  5:37  Pylon  
  40  5:38  Pylon  
  40  5:49  Pylon  
  40  5:50  Warp Gate  
  40  6:07  Probe, Pylon  
  40  6:10  Assimilator  
  37  6:23  Probe  
  34  6:26  Gateway  
  34  6:27  Protoss Ground Weapons Level 1 (Chrono Boost)  
  34  6:28  Gateway  
  34  6:35  Probe (Chrono Boost)  
  35  6:42  Probe (Chrono Boost)  
  37  6:48  Probe (Chrono Boost), Gateway  
  37  6:52  Probe (Chrono Boost)  
  38  6:54  Probe (Chrono Boost)  
  38  6:57  Gateway  
  38  6:59  Probe  
  40  7:07  Probe  
  41  7:12  Probe  
  42  7:20  Probe  
  43  7:24  Probe  
  44  7:32  Probe  
  44  7:36  Probe  
  46  7:38  Stalker x3  
  46  7:43  Pylon  
  52  7:45  Stalker  
  52  7:49  Probe x2  
  56  7:51  Stalker  
  58  8:01  Sentry  
  58  8:02  Sentry x2  
  64  8:06  Assimilator x2  
  64  8:08  Stalker  
  66  8:19  Stalker  
  68  8:27  Zealot x3  
  68  8:33  Zealot  
  74  8:44  Zealot  
  70  8:49  Zealot x3  
  70  8:52  Probe x2  
  70  8:54  Zealot  
  72  9:09  Stalker x3  
  70  9:10  Stalker  
  58  9:20  Stalker  
  56  9:40  Stalker x4  
  62  9:47  Stalker  
  64  9:52  Pylon  
  62  10:09  Zealot x4  
  66  10:21  Stalker  
  66  10:27  Twilight Council  
  68  10:30  Zealot x4  
  72  10:41  Pylon  
  72  10:44  Robotics Facility  
  72  10:55  Sentry x2  
  72  10:56  Sentry, Zealot x2  
  78  11:16  Nexus  
  74  11:25  Dark Shrine  
  74  11:29  Zealot  
  74  11:30  Zealot  
  78  11:33  Observer  
  77  11:42  Zealot x2  
  77  11:44  Zealot  
  81  11:47  Probe  
  81  11:48  Probe  
  83  11:56  Zealot x2  
  85  12:05  Zealot x2  
  87  12:16  Zealot  
  87  12:17  Zealot x2  
Show
View Real Time Build Order
Export as new Build Order

Dark Zerg 

Build Orders: 3 Hatch before Pool, Ravager All-In 

Get SALT Encoding   

  12  0:00  Drone  
  13  0:12  Overlord  
  13  0:16  Drone  
  14  0:30  Drone x2  
  16  0:36  Drone  
  17  0:53  Hatchery  
  17  0:56  Drone  
  17  1:00  Drone  
  18  1:19  Hatchery  
  18  1:21  Extractor  
  18  1:23  Drone  
  17  1:29  Drone  
  18  1:41  Spawning Pool  
  18  1:42  Drone  
  18  1:44  Drone  
  20  1:56  Drone  
  21  2:24  Extractor  
  21  2:27  Queen x2  
  21  2:29  Drone x3  
  27  2:30  Roach Warren  
  27  2:31  Zergling x4  
  27  2:35  Overlord  
  28  2:46  Overlord  
  28  3:10  Roach x3  
  32  3:17  Roach x2  
  36  3:23  Queen  
  36  3:25  Overlord  
  38  3:44  Ravager x2  
  38  3:45  Roach  
  38  3:46  Roach  
  42  4:03  Roach  
  42  4:09  Ravager x2  
  46  4:18  Overlord  
  46  4:33  Overlord  
  46  4:35  Queen  
  46  4:37  Zergling x4  
  48  4:38  Ravager  
  48  4:39  Ravager x2  
  53  4:53  Roach  
  49  5:16  Queen  
  49  5:20  Roach x3  
  51  5:22  Ravager  
  45  5:41  Zergling x4, Ravager x2  
  49  5:52  Queen  
  45  6:07  Hatchery  
  39  6:16  Zergling x6  
  38  6:21  Roach  
  38  6:25  Metabolic Boost  
  31  6:27  Queen  
  33  6:42  Drone x3  
  36  6:56  Drone  
  37  7:03  Queen  
  39  7:08  Drone  
  39  7:09  Drone x2  
  39  7:14  Drone  
  42  7:19  Queen  
  44  7:26  Drone  
  44  7:27  Drone  
  45  7:35  Drone  
  45  7:36  Drone  
  46  7:38  Hatchery  
  46  7:41  Queen  
  46  7:42  Drone x3  
  50  7:44  Ravager  
  51  7:53  Roach x2  
  51  7:57  Drone x3  
  57  8:03  Overlord  
  57  8:06  Spine Crawler  
  56  8:15  Spine Crawler x2, Overlord  
  54  8:23  Ravager  
  54  8:24  Zergling x6  
  54  8:27  Zergling x4  
  60  8:35  Ravager  
  53  8:41  Roach x2  
  53  8:42  Roach x2  
  57  8:50  Roach x2  
  58  9:02  Zergling x14  
  52  9:10  Drone  
  52  9:17  Zergling x6  
  43  9:26  Drone x2  
  43  9:27  Zergling x2  
  43  9:42  Roach x3  
  48  9:49  Ravager x2  
  48  9:51  Roach x2  
  54  9:53  Zergling x2  
  54  9:57  Zergling x4  
  56  10:00  Zergling x2  
  56  10:06  Zergling x2  
  55  10:14  Zergling x4  
  54  10:17  Ravager x2  
  54  10:21  Zergling x6  
  54  10:22  Ravager  
  55  10:31  Roach  
  55  10:32  Roach  
  54  10:39  Roach  
  55  10:44  Zergling x2  
  55  10:45  Zergling x2  
  55  10:47  Ravager  
  58  10:52  Zergling x2  
  58  10:57  Overlord  
  58  10:58  Queen  
  58  11:17  Ravager x2  
  59  11:18  Zergling x8  
  59  11:23  Zergling x2  
  62  11:27  Overlord  
  62  11:41  Zergling x4, Queen  
  62  11:44  Hatchery  
  62  11:46  Zergling x4  
  65  11:50  Ravager  
  66  11:55  Zergling x2  
  66  12:02  Roach  

Tags
 
Add a new tag
Caveats
  • Supply blocks, unpowered buildings, or Contaminate may cause inaccurate times.
  • Supply counts are checked every 10 seconds.